 Dungeon Crawl Stone Soup version 0.29.1-1-gd02db6906a (webtiles) character file.

Game seed: 13629121154427841880

145 GigaChad the Magician (level 5, 0/28 HPs)
             Began as a Deep Elf Conjurer on Sept 19, 2022.
             Slain by a frilled lizard (2 damage)
             ... in a sewer.
             The game lasted 00:05:17 (3314 turns).

GigaChad the Magician (Deep Elf Conjurer)           Turns: 3314, Time: 00:05:18

Health: 0/28       AC:  2    Str:  4    XL:     5   Next: 6%
Magic:  11/16      EV: 12    Int: 25    God:
Gold:   137        SH:  0    Dex: 13    Spells: 15/18 levels left

rFire   . . .      SeeInvis .   e - +0 short sword (drain)
rCold   . . .      Faith    .   (no shield)
rNeg    . . .      Spirit   .   a - +0 robe
rPois   .          Reflect  .   (no helmet)
rElec   .          Harm     .   (no cloak)
rCorr   .          Rampage  .   (no gloves)
Will    .....                   (no boots)
Stlth   ++........              (no amulet)
HPRegen 0.09/turn               (no ring)
MPRegen 0.15/turn               (no ring)

@: lethally poisoned (0 -> -10)
A: no striking features
a: no special abilities


You were in a sewer.
You visited 1 branch of the dungeon, and saw 3 of its levels.
You also visited: Sewer.

You collected 137 gold pieces.

Inventory:

Hand Weapons
 d - a +0 short sword
 e - a +0 short sword of draining (weapon)
Armour
 a - a +0 robe (worn)
Wands
 m - a wand of flame (23)
Scrolls
 h - a scroll of vulnerability {unknown}
 i - 2 scrolls of amnesia {unknown}
 k - a scroll of enchant weapon {unknown}
Potions
 b - a potion of magic
 c - a potion of degeneration {unknown}
 f - a potion of lignification {unknown}
 g - a potion of ambrosia {unknown}
 j - a potion of might {unknown}
 l - a potion of curing {unknown}
 n - a potion of mutation {unknown}
 o - a potion of cancellation {unknown}


   Skills:
 - Level 2.4 Dodging
 - Level 2.4 Stealth
 + Level 7.2 Spellcasting
 - Level 4.3 Conjurations


You had 15 spell levels left.
You knew the following spells:

 Your Spells              Type           Power      Damage    Failure   Level
a - Magic Dart            Conj           100%       1d8       1%          1
b - Searing Ray           Conj           60%        2d6       1%          2

Your spell library contained the following spells:

 Spells                   Type           Power      Damage    Failure   Level
 Dazzling Flash           Conj/Hex       38%        N/A       9%          3
 Fulminant Prism          Conj/Hex       9%         3d7       26%         4
 Iskenderun's Mystic Bla  Conj/Tloc      19%        2d6       26%         4


Dungeon Overview and Level Annotations

Branches:
Dungeon (3/15)              Sewer (1/1)

Altars:


Message History

The adder is moderately wounded.
The magic dart hits the adder but does no damage.
The adder is moderately wounded.
The adder closely misses you.
The magic dart hits the adder!
The adder is almost dead.
The adder bites you. x3
You are poisoned.
The adder poisons you!
The magic dart hits the adder.
You kill the adder!
You feel sick. The adder barely misses you.
You have reached level 5!
You hit the frilled lizard. Your punch misses the frilled lizard.
The frilled lizard is heavily wounded.
You feel sick. The adder barely misses you. The frilled lizard bites you.
You closely miss the frilled lizard.
The frilled lizard is heavily wounded.
You feel sick. The adder barely misses you.
The frilled lizard barely misses you. The adder misses you.
You closely miss the frilled lizard.
You feel sick. The frilled lizard closely misses you.
The adder barely misses you.
You miss the frilled lizard.
You feel sick. The adder bites you. The frilled lizard bites you.
* * * LOW HITPOINT WARNING * * *
The adder bites you.
* * * LOW HITPOINT WARNING * * *
You are lethally poisoned!
The adder poisons you!
You miss the frilled lizard.
* * * LOW HITPOINT WARNING * * *
You feel sick. The frilled lizard barely misses you.
The adder barely misses you.
You miss the frilled lizard.
* * * LOW HITPOINT WARNING * * *
You feel sick. The frilled lizard barely misses you. The adder bites you.
* * * LOW HITPOINT WARNING * * *
You are more poisoned.
The adder poisons you! The frilled lizard bites you.
You die...

.......##
~~~~~~..#
≈≈≈≈≈~~.#
~~~~≈≈~.#
~.†~~≈~.#
~~~.~≈~.#
≈≈≈.~≈Sl#
≈≈≈~~≈~@#
≈≈≈~≈≈~.#
≈≈≈~≈≈~.#
~≈≈~≈≈~.#
~≈~≈~≈~.#
~≈~≈~≈~†#
~≈≈~≈≈~.#
###
≈≈≈≈~≈~.#
#.#
≈≈≈~~≈~.#
#∩#


You could see an adder and a frilled lizard.

Vanquished Creatures
  7 adders
  A river rat (D:3)
  A worm (D:2)
  2 dart slugs
  11 ball pythons
  3 endoplasms
  5 giant cockroaches
  4 goblins
  4 hobgoblins
  4 quokkas
  4 bats
  5 frilled lizards
  8 kobolds
  8 rats
  A spectral goblin (D:2)
68 creatures vanquished.

Notes
Turn   | Place    | Note
-------+----------+-------------------------------------------
     0 | D:1      | GigaChad the Deep Elf Conjurer began the quest for the Orb.
     0 | D:1      | Reached XP level 1. HP: 10/10 MP: 6/6
   244 | D:1      | Reached skill level 4 in Spellcasting
   244 | D:1      | Reached XP level 2. HP: 15/15 MP: 3/9
   607 | D:1      | Learned a level 2 spell: Searing Ray
   733 | D:1      | Reached XP level 3. HP: 16/19 MP: 8/11
   935 | D:1      | Reached skill level 5 in Spellcasting
  1995 | D:2      | Found a faded altar of an unknown god.
  2101 | D:2      | Reached skill level 6 in Spellcasting
  2101 | D:2      | Reached XP level 4. HP: 21/24 MP: 7/14
  2715 | D:3      | Found a glowing drain.
  2719 | Sewer    | Entered a sewer
  2819 | Sewer    | Reached skill level 7 in Spellcasting
  3309 | Sewer    | Reached XP level 5. HP: 17/28 MP: 10/16
  3314 | Sewer    | Slain by a frilled lizard

Illustrated notes

Levels and vault maps discovered:
D:1:      dpeg_arrival_signposts, layout_basic, minmay_pentomino_t4
D:2:      minmay_general_purpose_star, layout_basic,
          dreamdust_ecumenical_altar_drowned_temple, corexii_corridor_pit
D:3:      layout_basic, gup_sewer_entry_bowl, minmay_rat_hole
Sewer:    sewer_frog_island_01

Skill      XL: |  1  2  3  4 |
---------------+-------------+-----
Spellcasting   | 4 6 7 |  7.2
Dodging        | |  2.4
Stealth        | |  2.4
Conjurations   | |  4.3

Action                   |  1- 3 |  4- 6 || total
-------------------------+-------+-------++-------
Melee: Short sword       |    11 |    12 ||    23
       Punch             |     1 |       ||     1
 Cast: Magic Dart        |    79 |    44 ||   123
       Searing Ray       |     2 |       ||     2
  Use: Scroll            |     2 |       ||     2
Armor: Robe              |     7 |       ||     7
Dodge: Dodged            |    17 |    17 ||    34
